SA
PHOENIX HOTSPUR U-21 @ PUT-IN-BAY BC
05/17/2027
 
TOP OF THE 1ST
Phoenix Hotspur U-21 batting - Pitching for Put-In-Bay BC : RHP Lance Hodges
Pitching: RHP Lance Hodges
Batting: SHB Huey Wood 0-0: Called Strike
0-1: Ball
1-1: Called Strike
1-2: Strikes out swinging
Batting: LHB Tyler Kinjeketile 0-0: Called Strike
0-1: Foul Ball, location: 2F
0-2: SINGLE (Line Drive, 89S)
Batting: RHB Hieronymus Bosch 0-0: Ball
1-0: Foul Ball, location: 2F
1-1: Foul Ball, location: 2F
1-2: Ball
2-2: Fly out, F8 (Flyball, 8LS)
Batting: LHB Corey Ferguson 0-0: Foul Ball, location: 2F
0-1: SINGLE (Line Drive, 4D)
Tyler Kinjeketile to second
Batting: RHB Solomon Norment 0-0: Called Strike
0-1: Ground out 3-1 (Groundball, 34S)
Top of the 1st over - 0 run(s), 2 hit(s), 0 error(s), 2 left on base; Phoenix 0 - Put-In-Bay 0
BOTTOM OF THE 1ST
Put-In-Bay BC batting - Pitching for Phoenix Hotspur U-21 : RHP José Ruíz
Pitching: RHP José Ruíz
Batting: SHB Eugene Clutch 0-0: Called Strike
0-1: Foul Ball, location: 2F
0-2: Foul Ball, location: 2F
0-2: Ball
1-2: Ball
2-2: Ball
3-2: Foul Ball, location: 2F
3-2: Strikes out swinging
Batting: RHB Mark Keys 0-0: Ball
1-0: Foul Ball, location: 2F
1-1: Ball
2-1: Called Strike
2-2: Ball
3-2: Ground out 5-3 (Groundball, 56S)
Batting: LHB Tural Bishara 0-0: Ball
1-0: Fly out, F6 (Line Drive, 6)
Bottom of the 1st over - 0 run(s), 0 hit(s), 0 error(s), 0 left on base; Phoenix 0 - Put-In-Bay 0
TOP OF THE 2ND
Phoenix Hotspur U-21 batting - Pitching for Put-In-Bay BC : RHP Lance Hodges
Batting: RHB Bill Erickson 0-0: Swinging Strike
0-1: Called Strike
0-2: Strikes out swinging
Batting: RHB Juan Negrete 0-0: Called Strike
0-1: Swinging Strike
0-2: Foul Ball, location: 2F
0-2: Ball
1-2: Strikes out swinging
Batting: LHB Jason DeGeorge 0-0: Called Strike
0-1: Ball
1-1: Ground out 4-3 (Groundball, 4)
Top of the 2nd over - 0 run(s), 0 hit(s), 0 error(s), 0 left on base; Phoenix 0 - Put-In-Bay 0
BOTTOM OF THE 2ND
Put-In-Bay BC batting - Pitching for Phoenix Hotspur U-21 : RHP José Ruíz
Batting: RHB Alan McLennan 0-0: SINGLE (Line Drive, 89M)
Batting: RHB Edgar Balerio 0-0: Ball
1-0: Foul Ball, location: 2F
1-1: Ball
2-1: Ball
3-1: DOUBLE (Flyball, 89XD)
Alan McLennan to third
Runner from 3rd tries for Home, SAFE, throw made home
Batting: RHB Sameen Shaw 0-0: Called Strike
0-1: Called Strike
0-2: Foul Ball, location: 2F
0-2: Reached on error, E3 (Groundball, 34)
Edgar Balerio to third
Batting: RHB Lou Lumsden 0-0: Foul Ball, location: 2F
0-1: Fly out, F7 (Flyball, 78M)
Runner from 3rd tags up, SCORES, no throw
Batting: LHB Vicente Castaneda 0-0: Ball
Sameen Shaw is caught stealing 2nd base
1-0: Ball
2-0: Foul Ball, location: 2F
2-1: Foul Ball, location: 2F
2-2: Ball
3-2: DOUBLE (Line Drive, 7LM)
Batting: RHB Ryan French 0-0: Ball
1-0: Ball
2-0: Foul Ball, location: 2F
2-1: Foul Ball, location: 2F
2-2: Ball
3-2: DOUBLE (Line Drive, 9LS)
Vicente Castaneda scores
Batting: SHB Eugene Clutch 0-0: Called Strike
0-1: Ball
1-1: Called Strike
1-2: Foul Ball, location: 2F
1-2: Fly out, F7 (Flyball, 7LS)
Bottom of the 2nd over - 3 run(s), 4 hit(s), 1 error(s), 1 left on base; Phoenix 0 - Put-In-Bay 3
TOP OF THE 3RD
Phoenix Hotspur U-21 batting - Pitching for Put-In-Bay BC : RHP Lance Hodges
Batting: RHB Lee Tavernier 0-0: Ball
1-0: Fly out, F9 (Line Drive, 9S)
Batting: SHB Huey Wood 0-0: Called Strike
0-1: Swinging Strike
0-2: Ball
1-2: Foul Ball, location: 2F
1-2: Ball
2-2: Ball
3-2: Strikes out swinging
Batting: LHB Tyler Kinjeketile 0-0: Called Strike
0-1: Called Strike
0-2: Foul Ball, location: 2F
0-2: Ball
1-2: Ball
2-2: Ball
3-2: Foul Ball, location: 2F
3-2: SINGLE (Line Drive, 7LS)
Batting: RHB Hieronymus Bosch 0-0: Ball
1-0: Foul Ball, location: 2F
1-1: Ball
2-1: Fly out, F9 (Flyball, 9LSF)
Top of the 3rd over - 0 run(s), 1 hit(s), 0 error(s), 1 left on base; Phoenix 0 - Put-In-Bay 3
BOTTOM OF THE 3RD
Put-In-Bay BC batting - Pitching for Phoenix Hotspur U-21 : RHP José Ruíz
Batting: RHB Mark Keys 0-0: Called Strike
0-1: Foul Ball, location: 2F
0-2: Ball
1-2: Ball
2-2: Foul Ball, location: 2F
2-2: SINGLE (Groundball, 56D)
Batting: LHB Tural Bishara 0-0: Ball
1-0: Swinging Strike
1-1: TRIPLE (Flyball, 89XD)
Mark Keys scores
Batting: RHB Alan McLennan 0-0: Ball
1-0: Ball
2-0: Foul Ball, location: 2F
2-1: Foul Ball, location: 2F
2-2: Strikes out swinging
Batting: RHB Edgar Balerio 0-0: Ball
1-0: DOUBLE (Line Drive, 78M)
Tural Bishara scores
Batting: RHB Sameen Shaw 0-0: Ball
1-0: Swinging Strike
1-1: Ball
2-1: Called Strike
2-2: Ball
3-2: Base on Balls
Batting: RHB Lou Lumsden 0-0: Swinging Strike
0-1: Ball
1-1: Foul Ball, location: 2F
1-2: Grounds into double play, 4-6-3 (Groundball, 4)
Bottom of the 3rd over - 2 run(s), 3 hit(s), 0 error(s), 1 left on base; Phoenix 0 - Put-In-Bay 5
TOP OF THE 4TH
Phoenix Hotspur U-21 batting - Pitching for Put-In-Bay BC : RHP Lance Hodges
Batting: LHB Corey Ferguson 0-0: Ball
1-0: Ball
2-0: Called Strike
2-1: Swinging Strike
2-2: Strikes out swinging
Batting: RHB Solomon Norment 0-0: Foul Ball, location: 2F
0-1: Foul Ball, location: 2F
0-2: Strikes out swinging
Batting: RHB Bill Erickson 0-0: Called Strike
0-1: Swinging Strike
0-2: Ball
1-2: SINGLE (Line Drive, 7LS)
Batting: RHB Juan Negrete 0-0: Ball
1-0: Called Strike
Bill Erickson is caught stealing 2nd base
Top of the 4th over - 0 run(s), 1 hit(s), 0 error(s), 0 left on base; Phoenix 0 - Put-In-Bay 5
BOTTOM OF THE 4TH
Put-In-Bay BC batting - Pitching for Phoenix Hotspur U-21 : RHP José Ruíz
Batting: LHB Vicente Castaneda 0-0: Foul Ball, location: 2F
0-1: Foul Ball, location: 2F
0-2: Foul Ball, location: 2F
0-2: Strikes out swinging
Batting: RHB Ryan French 0-0: Ball
1-0: Ball
2-0: Called Strike
2-1: Ball
3-1: Base on Balls
Batting: SHB Eugene Clutch 0-0: Ball
1-0: Swinging Strike
1-1: Fielders Choice at 2nd, 6-4 (Groundball, 6)
Batting: RHB Mark Keys 0-0: Called Strike
0-1: SINGLE (Groundball, 6MD)
Eugene Clutch to second
Eugene Clutch to third
Batting: LHB Tural Bishara 0-0: Called Strike
0-1: Fielders Choice at 2nd, 6-4 (Groundball, 6)
Bottom of the 4th over - 0 run(s), 1 hit(s), 0 error(s), 1 left on base; Phoenix 0 - Put-In-Bay 5
TOP OF THE 5TH
Phoenix Hotspur U-21 batting - Pitching for Put-In-Bay BC : RHP Lance Hodges
Batting: RHB Juan Negrete 0-0: Foul Ball, location: 2F
0-1: Called Strike
0-2: Strikes out swinging
Batting: LHB Jason DeGeorge 0-0: Called Strike
0-1: Swinging Strike
0-2: Ball
1-2: Foul Ball, location: 2F
1-2: Strikes out swinging
Batting: RHB Lee Tavernier 0-0: Called Strike
0-1: Ball
1-1: Ball
2-1: SINGLE (Line Drive, 8LS)
Batting: SHB Huey Wood 0-0: Called Strike
0-1: Ball
1-1: Ball
Wild Pitch!
Lee Tavernier to second
2-1: Ball
3-1: Base on Balls
Batting: LHB Tyler Kinjeketile 0-0: Called Strike
0-1: Fly out, F7 (Flyball, 7)
Top of the 5th over - 0 run(s), 1 hit(s), 0 error(s), 2 left on base; Phoenix 0 - Put-In-Bay 5
BOTTOM OF THE 5TH
Put-In-Bay BC batting - Pitching for Phoenix Hotspur U-21 : RHP José Ruíz
Batting: RHB Alan McLennan 0-0: Foul Ball, location: 2F
0-1: Foul Ball, location: 2F
0-2: Foul Ball, location: 2F
0-2: Ball
1-2: Strikes out swinging
Batting: RHB Edgar Balerio 0-0: Ball
1-0: Ground out 6-3 (Groundball, 6D)
Batting: RHB Sameen Shaw 0-0: Ball
1-0: Ball
2-0: Swinging Strike
2-1: Called Strike
2-2: Ball
3-2: Base on Balls
Batting: RHB Lou Lumsden 0-0: Ball
1-0: Foul Ball, location: 2F
1-1: Called Strike
1-2: Ball
2-2: Foul Ball, location: 2F
2-2: Ball
3-2: Ground out 1-3 (Groundball, 15S)
Bottom of the 5th over - 0 run(s), 0 hit(s), 0 error(s), 1 left on base; Phoenix 0 - Put-In-Bay 5
TOP OF THE 6TH
Phoenix Hotspur U-21 batting - Pitching for Put-In-Bay BC : RHP Lance Hodges
Batting: RHB Hieronymus Bosch 0-0: Foul Ball, location: 2F
0-1: Ball
1-1: Ball
2-1: SINGLE (Line Drive, 56)
Batting: LHB Corey Ferguson 0-0: Fly out, F7 (Flyball, 7LMF)
Batting: RHB Solomon Norment 0-0: Called Strike
0-1: Called Strike
0-2: Ball
1-2: Ball
2-2: Foul Ball, location: 2F
2-2: Foul Ball, location: 2F
2-2: Foul Ball, location: 2F
2-2: Ball
3-2: Fly out, F8 (Flyball, 8RD)
Batting: RHB Bill Erickson 0-0: Ball
1-0: Ball
2-0: SINGLE (Groundball, 4MD)
Hieronymus Bosch to second
Runner from 2nd tries for 3rd, SAFE, throw made to third
Pitching: RHP Raúl González
Batting: RHB Juan Negrete 0-0: Swinging Strike
0-1: Called Strike
0-2: Ball
1-2: Ball
2-2: Strikes out looking
Top of the 6th over - 0 run(s), 2 hit(s), 0 error(s), 2 left on base; Phoenix 0 - Put-In-Bay 5
BOTTOM OF THE 6TH
Put-In-Bay BC batting - Pitching for Phoenix Hotspur U-21 : RHP José Ruíz
Batting: LHB Vicente Castaneda 0-0: Ball
1-0: Ball
2-0: Ground out 4-3 (Groundball, 4S)
Batting: RHB Ryan French 0-0: Called Strike
0-1: Hit by Pitch
Batting: SHB Eugene Clutch 0-0: Called Strike
0-1: Ball
1-1: Ball
2-1: Ball
3-1: Fly out, F8 (Flyball, 78M)
Pitching: LHP José Santiago
Batting: RHB Mark Keys 0-0: Ball
1-0: Called Strike
1-1: Swinging Strike
1-2: Strikes out swinging
Bottom of the 6th over - 0 run(s), 0 hit(s), 0 error(s), 1 left on base; Phoenix 0 - Put-In-Bay 5
TOP OF THE 7TH
Phoenix Hotspur U-21 batting - Pitching for Put-In-Bay BC : RHP Raúl González
Batting: LHB Jason DeGeorge 0-0: Foul Ball, location: 2F
0-1: Swinging Strike
0-2: Ball
1-2: Foul Ball, location: 2F
1-2: Fly out, F7 (Line Drive, 78M)
Batting: RHB Lee Tavernier 0-0: Called Strike
0-1: Swinging Strike
0-2: Ball
1-2: Foul Ball, location: 2F
1-2: Fly out, F4 (Popup, 34D)
Batting: SHB Huey Wood 0-0: Ball
1-0: Ground out 4-3 (Groundball, 4M)
Top of the 7th over - 0 run(s), 0 hit(s), 0 error(s), 0 left on base; Phoenix 0 - Put-In-Bay 5
BOTTOM OF THE 7TH
Put-In-Bay BC batting - Pitching for Phoenix Hotspur U-21 : LHP José Santiago
Batting: LHB Tural Bishara 0-0: Foul Ball, location: 2F
0-1: Fly out, F8 (Flyball, 89D)
Batting: RHB Alan McLennan 0-0: Ball
1-0: Foul Ball, location: 2F
1-1: Foul Ball, location: 2F
1-2: Foul Ball, location: 2F
1-2: Ball
2-2: Strikes out swinging
Batting: RHB Edgar Balerio 0-0: Called Strike
0-1: Ball
1-1: Ground out 1-3 (Groundball, P)
Bottom of the 7th over - 0 run(s), 0 hit(s), 0 error(s), 0 left on base; Phoenix 0 - Put-In-Bay 5
TOP OF THE 8TH
Phoenix Hotspur U-21 batting - Pitching for Put-In-Bay BC : RHP Raúl González
Now in RF: Oscar McMillan
Batting: LHB Tyler Kinjeketile 0-0: SINGLE (Groundball, 4MD)
Batting: RHB Hieronymus Bosch 0-0: Ball
1-0: Swinging Strike
1-1: Ground out 5-3 (Groundball, 5S)
Tyler Kinjeketile to second
Batting: LHB Corey Ferguson 0-0: Called Strike
0-1: Ball
1-1: Foul Ball, location: 2F
1-2: Fly out, F8 (Flyball, 8RM)
Batting: RHB Solomon Norment 0-0: Ball
1-0: Called Strike
1-1: Foul Ball, location: 2F
1-2: Foul Ball, location: 2F
1-2: Ball
2-2: Strikes out swinging
Top of the 8th over - 0 run(s), 1 hit(s), 0 error(s), 1 left on base; Phoenix 0 - Put-In-Bay 5
BOTTOM OF THE 8TH
Put-In-Bay BC batting - Pitching for Phoenix Hotspur U-21 : LHP José Santiago
Batting: RHB Sameen Shaw 0-0: Ball
1-0: Called Strike
1-1: Called Strike
1-2: Strikes out swinging
Batting: RHB Lou Lumsden 0-0: Called Strike
0-1: Foul Ball, location: 2F
0-2: Strikes out swinging
Batting: LHB Vicente Castaneda 0-0: Called Strike
0-1: Ball
1-1: Called Strike
1-2: Strikes out looking
Bottom of the 8th over - 0 run(s), 0 hit(s), 0 error(s), 0 left on base; Phoenix 0 - Put-In-Bay 5
TOP OF THE 9TH
Phoenix Hotspur U-21 batting - Pitching for Put-In-Bay BC : RHP Raúl González
Pitching: RHP Joaquin Farias
Batting: RHB Bill Erickson 0-0: Ball
1-0: Foul Ball, location: 2F
1-1: Ball
2-1: Swinging Strike
2-2: Foul Ball, location: 2F
2-2: Ball
3-2: Ground out 5-3 (Groundball, 56)
Batting: RHB Juan Negrete 0-0: Ground out 6-3 (Groundball, 6)
Batting: LHB Jason DeGeorge 0-0: Ball
1-0: Ball
2-0: Foul Ball, location: 2F
2-1: Foul Ball, location: 2F
2-2: Foul Ball, location: 2F
2-2: Strikes out swinging
Top of the 9th over - 0 run(s), 0 hit(s), 0 error(s), 0 left on base; Phoenix 0 - Put-In-Bay 5
Saturday, May 26th, 2018 - OOTP Baseball 17.12 Build 75